[ AOE2 MATCH · #484227267 ]
1v1 RMTurks vs Mongols
Player's team · LOSS
Rival team · WIN
[ REPLAY ANALYSIS · EXTRACTED FROM THE RECORDED GAME ]
Feudal
—
Castle
—
Imperial
—
| APM avg | 52.3 |
| APM peak | 81 |
| eAPM avg | 9.8 |
| Villagers / military | 18 / 0 |
Focus
⚔️ 9.7% · 🌾 90.3%
Feudal
—
Castle
—
Imperial
—
| APM avg | 54.7 |
| APM peak | 73 |
| eAPM avg | 19.4 |
| Villagers / military | 21 / 0 |
Focus
⚔️ 9.3% · 🌾 90.7%
Match map
Resources at game start + every placement click. Thick line = wall · dashed box = detected house wall. 🟡 gold · ⚪ stone · 🟢 berries · 🔶 boar · ⭕ relic
Your base
fdsalamanca21's base
Elevation-shaded terrain · ⚠ = detected wall gap · hover for details
Inputs per minute
— DMarrett13 - - fdsalamanca21
Build order — DMarrett13
21 actions detected in the replay
| 0:01 | Create | Villager (Male) ×4 |
| 0:03 | Build | House |
| 0:04 | Build | House |
| 1:47 | Build | Lumber Camp |
| 2:01 | Create | Villager (Male) |
| 2:22 | Create | Villager (Male) |
| 2:45 | Create | Villager (Male) |
| 3:29 | Create | Villager (Male) ×2 |
| 4:06 | Build | House |
| 4:07 | Build | House |
| 4:27 | Create | Villager (Male) ×3 |
| 4:41 | Build | House |
| 4:45 | Build | Palisade Wall |
| 5:18 | Create | Villager (Male) ×3 |
| 6:31 | Build | Mill |
| 6:59 | Create | Villager (Male) ×2 |
| 7:33 | Build | House |
| 7:33 | Build | House |
| 7:35 | Build | House |
| 7:40 | Build | House |
| 7:45 | Create | Villager (Male) |
Build order — fdsalamanca21
28 actions detected in the replay
| 0:01 | Create | Villager (Male) |
| 0:01 | Create | Villager (Male) |
| 0:01 | Create | Villager (Male) |
| 0:02 | Build | House |
| 0:04 | Build | House |
| 0:33 | Create | Villager (Male) |
| 0:33 | Create | Villager (Male) |
| 1:39 | Create | Villager (Male) |
| 1:40 | Create | Villager (Male) |
| 1:47 | Build | Lumber Camp |
| 2:27 | Create | Villager (Male) |
| 2:27 | Create | Villager (Male) |
| 2:40 | Create | Villager (Male) |
| 2:40 | Create | Villager (Male) |
| 2:58 | Create | Villager (Male) |
| 3:32 | Create | Villager (Male) |
| 3:32 | Create | Villager (Male) |
| 3:38 | Build | House |
| 3:40 | Build | House |
| 4:19 | Create | Villager (Male) |
| 4:20 | Create | Villager (Male) |
| 4:36 | Create | Villager (Male) |
| 4:40 | Build | Mill |
| 4:58 | Create | Villager (Male) |
| 4:58 | Create | Villager (Male) |
| 5:13 | Create | Villager (Male) |
| 5:41 | Create | Villager (Male) |
| 7:02 | Research | Loom |
Match timeline
| 4:45 | DMarrett13 · wall_segment Palisade Wall x8 |
| 7:50 | DMarrett13 · resign |
[ AI ANALYSIS · 1 CREDIT ]
What really happened in this match?
Wolo.gg analyzes every decision: build order, eco, micro, common mistakes by bracket. Personalized analysis on WhatsApp or Discord in 30 seconds.
Civ guide
Turks
Map guide
Arabia
Perfil
DMarrett13